AoeStats
← Hyper-Drive

MegaRandom

510104639Analyzed
3v3 RM · 2d ago on Sep 29, 2026· 40m 28s· 6 players
Game mode
Random Map
Map size
Normal (6 player)
Population
200
Speed
Normal
Resources
Standard
Victory
Conquest
Starting age
Dark Age
Ending age
Imperial Age
RankedLock teamsTeams togetherTeam positionsShared explorationLock speedFull tech treeHidden civsTurbo modeCheats
Victory
Defeat
🇹🇼 Franks · Taiwan
1117
+14
🇨🇿 Spanish · Czechia
1093
+15
🇺🇸 Goths · United States
1087
+15
🇹🇼 Franks · Taiwan
1096
-23
🇹🇼 Ethiopians · Taiwan
1070
-24
🇹🇼 Franks · Taiwan
1061
-32
THE REAL DEAL*
0:28 Loom
11:50 Feudal Age
18:34 Castle Age
21:48 Horse Collar
21:57 Double-Bit Axe
27:24 Wheelbarrow
33:37 Pikeman
38:16 Imperial Age
37:06 Town Watch
38:53 Heavy Plow
39:11 Hand Cart
39:19 Bow Saw
younguns
0:37 Loom
10:38 Feudal Age
12:01 Double-Bit Axe
21:05 Castle Age
20:10 Forging
21:08 Scale Barding Armor
21:19 Fletching
22:02 Bow Saw
22:42 Iron Casting
24:16 Chain Barding Armor
26:15 Husbandry
34:20 Pikeman
35:00 Squires
35:56 Wheelbarrow
39:37 Imperial Age
38:38 Scale Mail Armor
39:09 Murder Holes
39:35 Ballistics
39:13 Bodkin Arrow
41:47 Blast Furnace
40:09 Halberdier
Hyper-Drive
0:50 Loom
11:26 Feudal Age
12:01 Horse Collar
12:07 Double-Bit Axe
16:15 Wheelbarrow
18:15 Gold Mining
21:58 Castle Age
20:24 Fletching
20:34 Padded Archer Armor
22:33 Bloodlines
22:48 Thumb Ring
22:38 Bodkin Arrow
22:59 Leather Archer Armor
22:46 Husbandry
23:01 Bow Saw
23:04 Heavy Plow
26:03 Ballistics
32:56 Imperial Age
31:12 Light Cavalry
32:32 Fishing Lines
33:13 Heavy Mounted Crossbowman
34:01 Bracer
35:50 Conscription
36:24 Ring Archer Armor
36:20 Masonry
39:20 Scale Barding Armor
40:45 Hand Cart
40:17 Town Watch
ken.lh.chang8839
5:37 Loom
8:26 Feudal Age
9:21 Double-Bit Axe
13:41 Forging
21:39 Castle Age
20:42 Scale Barding Armor
23:40 Chain Barding Armor
24:46 Wheelbarrow
24:36 Bow Saw
32:05 Gold Mining
38:39 Imperial Age
39:15 Husbandry
Erichery
9:31 Feudal Age
11:45 Loom
15:39 Castle Age
14:43 Double-Bit Axe
16:30 Gold Mining
22:51 Scale Barding Armor
23:53 Wheelbarrow
25:06 Bow Saw
26:16 Hand Cart
26:49 Chain Barding Armor
27:07 Husbandry
29:43 Stone Mining
30:28 Gold Shaft Mining
31:53 Forging
35:37 Imperial Age
36:18 Iron Casting
35:43 Cavalier
37:08 Plate Barding Armor
38:15 Paladin
rayxup6cool
5:36 Loom
8:11 Feudal Age
9:04 Double-Bit Axe
11:40 Fletching
15:42 Horse Collar
18:36 Wheelbarrow
21:48 Castle Age
20:53 Gold Mining
22:08 Town Watch
21:50 Crossbowman
22:26 Bodkin Arrow
22:49 Bow Saw
22:39 Heavy Plow
24:35 Padded Archer Armor
26:50 Ballistics
32:01 Leather Archer Armor
38:06 Imperial Age
39:46 Chemistry
39:22 Scale Mail Armor
39:33 Forging
40:40 Gold Shaft Mining
Connection lost

Rejoining the realm…

Still unreachable

The connection could not be restored.

Session expired

The server has moved on; the page needs a fresh start.